[Event "ICC tourney 1942 (7 2)"]
[Site "Internet Chess Club"]
[Date "2020.07.31"]
[Round "7"]
[White "Mulan2009"]
[Black "FozzieB"]
[Result "1-0"]
[ICCResult "Black checkmated"]
[WhiteElo "1443"]
[BlackElo "1100"]
[Opening "Hungarian defense"]
[ECO "C50"]
[NIC "IG.03"]
[Time "22:22:18"]
[TimeControl "420+2"]

1. e4 e5 2. Nf3 Nc6 3. Bc4 Be7 4. d4 d6 5. d5 Na5 6. Bb3 Nxb3 7. axb3 Bg4 8.
Be3 a6 9. c4 Nf6 10. Nc3 O-O 11. h3 Bh5 12. O-O Nd7 13. b4 f5 14. exf5 Rxf5
15. g4 Rxf3 16. Qxf3 Bg6 17. Qg2 Bh4 18. Rfd1 Qe7 19. f3 Rf8 20. Bf2 Bg5 21.
h4 Bf4 22. Ne2 Qf6 23. h5 Bc2 24. Rf1 Bg5 25. Nc1 e4 26. Bg3 exf3 27. Qxc2
Qd4+ 28. Kh1 Qxg4 29. Qh2 Ne5 30. Bxe5 dxe5 31. Rg1 Qe4 32. Qf2 Be3 33. Re1
Bxf2 34. Rxe4 Bg3 35. Nd3 f2 36. Kg2 g5 37. Rf1 Bh4 38. Nxf2 Rf4 39. Rxf4
gxf4 40. Ne4 Kf7 41. Kf3 Be7 42. Kg4 Bxb4 43. Kf5 Bd6 44. Ng5+ Ke7 45. Nxh7
c6 46. Ng5 cxd5 47. cxd5 b5 48. Ne4 a5 49. Nxd6 Kxd6 50. h6 Kxd5 51. h7 e4
52. h8=Q e3 53. Qd8+ Kc4 54. Rc1+ Kb4 55. Qd4+ Kb3 56. Qc3+ Ka2 57. Qa3#
{Black checkmated}
1-0

[Event "ICC tourney 1942 (7 2)"]
[Site "Internet Chess Club"]
[Date "2020.07.31"]
[Round "7"]
[White "knighthawkmill"]
[Black "CobaltGame"]
[Result "1-0"]
[ICCResult "Black checkmated"]
[WhiteElo "1462"]
[BlackElo "1235"]
[Opening "Blackmar-Diemer gambit"]
[ECO "D00"]
[NIC "QP.08"]
[Time "22:22:16"]
[TimeControl "420+2"]

1. d4 d5 2. Nc3 Nf6 3. e4 dxe4 4. f3 exf3 5. Qxf3 Nc6 6. Bb5 Bd7 7. Be3 e6
8. O-O-O Bd6 9. Nh3 Qe7 10. Nf4 O-O-O 11. Rhe1 Bb4 12. Bf2 e5 13. dxe5 Nxe5
14. Bxd7+ Rxd7 15. Qh3 Bxc3 16. Qxc3 Rxd1+ 17. Rxd1 Nc6 18. Qh3+ Kb8 19. Bh4
Qe5 20. Nd3 Qe6 21. Qxe6 fxe6 22. Nc5 e5 23. Nd7+ Nxd7 24. Rxd7 g6 25. b3
Kc8 26. Rf7 h6 27. c3 g5 28. Bg3 Kd8 29. Kc2 Re8 30. b4 e4 31. b5 Ne5 32.
Rh7 Re6 33. h4 Nc4 34. hxg5 hxg5 35. Bxc7+ Kc8 36. Bg3 e3 37. Rc7+ Kd8 38.
Rxc4 e2 39. Kd2 Kd7 40. Rd4+ Ke7 41. Be1 Kf6 42. g4 Ke7 43. Rd3 Kf6 44. Rf3+
Ke7 45. Re3 Rxe3 46. Kxe3 Ke6 47. Ke4 Kd6 48. Kd4 Ke6 49. c4 b6 50. a4 Kd6
51. Bg3+ Ke6 52. Ke4 Kf6 53. Kd5 Ke7 54. c5 bxc5 55. Kxc5 Kd7 56. a5 Kc8 57.
Kd5 Kd7 58. Ke5 Kc8 59. Kf5 a6 60. b6 Kb7 61. Kxg5 Kc6 62. Kf5 Kb7 63. g5
Kc6 64. g6 Kb7 65. g7 Kc6 66. g8=Q e1=Q 67. Bxe1 Kb5 68. Qb3+ Kc6 69. Qc4+
Kb7 70. Qd5+ Kb8 71. Bg3+ Kc8 72. Qc6+ Kd8 73. Bh4# {Black checkmated} 1-0